and, lawful female human Valkyrie -------- ---.|....| |...0....|---------- |.-.00-00|.|.......| |.00-......|.......| |.-..0.|...|.......| |....-0--0-|...<...| |..00a.0...|.......| |.--..@|...|.......| |....-.|---|.......| ---0...-----------+| |...>..^^^^^^^^^.| ------------------ and the Fighter Experience level: 8 Strength: 18 Dexterity: 12 Constitution: 17 Intelligence: 9 Wisdom: 8 Charisma: 10 Health: 0(67) Energy: 20(20) AC: 5 Gold: 1023 Moves: 4678 Your Inventory: Coins $ - 1023 gold pieces Weapons a - the blessed rustproof +1 Excalibur w - a [blessed +1] orcish dagger Armor c - an uncursed +3 small shield (being worn) h - an [uncursed] +0 orcish helm (being worn) u - an [uncursed +0] orcish shield Comestibles o - a [cursed] tin [of spinach] x - an [uncursed] eucalyptus leaf z - 2 [uncursed] food rations D - 2 [uncursed] oranges F - 2 [uncursed] pears H - an [uncursed] carrot I - an [uncursed] apple M - an [uncursed] clove of garlic Scrolls p - an [uncursed] scroll labeled HAPAX LEGOMENON [of remove curse] C - a [blessed] scroll labeled TEMOV [of light] G - a [blessed] scroll labeled XIXAXA XOXAXA XUXAXA [of enchant weapon] L - 2 [uncursed] scrolls labeled VE FORBRYDERNE [of earth] Potions n - an [uncursed] dark green potion [of sickness] y - an [uncursed] amber potion [of restore ability] Rings e - an [uncursed -2] glass ring [of gain wisdom] t - an [uncursed +4] gold ring [of increase damage] Wands k - an [uncursed] wand of slow monster [0:7] m - an [uncursed] iron wand [of undead turning (0:6)] r - an [uncursed] wand of enlightenment [0:14] s - a [cursed] wand of magic missile (0:0) B - an [uncursed] wand of probing [0:4] Tools l - an [uncursed] leash Spells known in the end: Name Level Category Fail Memory Your skills at the end: Fighting Skills Weapon Skills dagger [Basic / Expert] long sword [Basic / Expert] Spellcasting Skills Final Attributes: You were piously aligned. Hunger level was 245. Your alignment was 31 / 33. Monster difficulty range was 0 - 6. Level difficulty was 5. You were immune to cold. You resisted poison. You were stealthy. You were fast. Your luck was zero. You are dead. Vanquished creatures: 2 wolves a spotted jelly a leprechaun an owlbear a raven a snow ant 2 imps a water nymph 5 Mordor orcs a rock piercer a pony a fog cloud a shrieker a gnomish wizard a kobold mummy 4 giant ants a kitten 2 homunculi 2 kobold lords 10 hill orcs a rothe a rabid rat 2 giant bats a monkey an orc zombie an iguana a hobbit 2 giant rats a yellow mold a green mold a garter snake a gecko 7 jackals a fox 3 kobolds a goblin 2 grid bugs a lichen 3 kobold zombies 12 newts 84 creatures vanquished. Voluntary challenges: You were an atheist. You used a wielded weapon 94 times. You read items or engraved 5 times. You put on armor 3 times. You never genocided any monsters. You never polymorphed an object. You never changed form. You used no wishes. You wrote Elbereth's name 5 times. You never encountered a bones level. You used 1 Sokoban shortcut. Dungeon overview: The Dungeons of Doom: levels 1 to 7 Level 1 a fountain a long staircase Level 2 a fountain Level 3 a sink stairs to The Gnomish Mines Level 4 a fountain Level 6 many fountains Level 7 a fountain stairs to Sokoban The Gnomish Mines: Level 4 stairs to The Dungeons of Doom Sokoban: levels 5 to 6 Level 5 <- You were here Level 6 a magic chest stairs to The Dungeons of Doom History has recorded: On T:1 you entered the Dungeons of Doom to retrieve the Amulet of Yendor! On T:172 you reached level 2 of The Dungeons of Doom. On T:622 you advanced to experience level 2. On T:896 you reached level 3 of The Dungeons of Doom. On T:957 you reached level 1 of The Gnomish Mines. On T:1493 you reached level 4 of The Dungeons of Doom. On T:1595 you advanced to experience level 3. On T:1821 you advanced to experience level 4. On T:1988 you reached level 5 of The Dungeons of Doom. On T:2038 you advanced to experience level 5. On T:2378 you advanced to experience level 6. On T:2706 you advanced to experience level 7. On T:2827 you reached level 6 of The Dungeons of Doom. On T:3284 you reached level 7 of The Dungeons of Doom. On T:3594 you advanced to experience level 8. On T:3672 you reached level 3 of Sokoban. On T:4365 you reached level 2 of Sokoban. Latest messages: [HP+1=55] [HP+1=56] You miss the fire ant. The fire ant bites! (2x) You're on fire! [HP-12=44] You hit the fire ant. The fire ant bites! (2x) You're on fire! [HP-11=33] You miss the fire ant. The fire ant bites! The fire ant just misses! [HP-8=25] You miss the fire ant. The fire ant bites! (2x) You're on fire! Your brown potion boils and explodes! Your muddy potion boils and explodes! Something seems to be holding you. [HP-19=6] The fire ant bites! (2x) You're on fire! You die... Final status: Farvel and the Valkyrie... You died in Sokoban on dungeon level 5 with 5475 points, and 1023 pieces of gold, after 4678 moves. You were level 8 with a maximum of 67 hit points when you died.